 Dungeon Crawl Stone Soup version 0.30.1-11-g7821555f0a (webtiles) character file.

Game seed: 12103383440057869696

186 porpoise the Sneak (level 5, -2/41 HPs)
             Began as a Merfolk Brigand on Dec 9, 2023.
             Slain by an iguana (10 damage)
             ... on level 4 of the Dungeon.
             The game lasted 00:06:29 (2741 turns).

porpoise the Sneak (Merfolk Brigand)                Turns: 2741, Time: 00:06:30

Health: -2/41      AC:  4    Str: 11    XL:     5   Next: 65%
Magic:  5/5        EV: 12    Int: 10    God:
Gold:   164        SH:  0    Dex: 18    Spells: 4/4 levels left

rFire   . . .        a - +2 dagger
rCold   . . .        (no shield)
rNeg    . . .        l - +0 robe
rPois   .            j - +0 helmet
rElec   .            c - +0 cloak
rCorr   .            (no gloves)
SInv    .            (no boots)
Will    .....        (no amulet)
Stlth   +++          (no ring)
HPRegen 0.26/turn    (no ring)
MPRegen 0.09/turn

%: no passive effects
@: no status effects
A: (nimble swimmer 2), mertail
a: no special abilities


You were on level 4 of the Dungeon.
You visited 1 branch of the dungeon, and saw 4 of its levels.

You collected 164 gold pieces.

Inventory:

Hand Weapons
 a - a +2 dagger (weapon)
 b - a +0 sling
Missiles
 d - 8 poisoned darts (quivered)
 e - 3 curare-tipped darts
 o - 3 boomerangs
Armour
 c - a +0 cloak (worn)
 i - a +0 kite shield
 j - a +0 helmet (worn)
 l - a +0 robe (worn)
Scrolls
 f - a scroll of enchant weapon {unknown}
 h - a scroll of enchant armour {unknown}
 q - a scroll of identify {unknown}
Potions
 g - 2 potions of curing {unknown}
 k - a potion of heal wounds {unknown}
 m - a potion of might {unknown}
 n - 2 potions of berserk rage {unknown}
 p - a potion of flight {unknown}
 r - a potion of degeneration {unknown}
 s - a potion of ambrosia {unknown}


   Skills:
 + Level 3.5 Fighting
 * Level 5.1 Short Blades
 - Level 2.0 Throwing
 - Level 1.3 Dodging
 + Level 5.4 Stealth


You had 4 spell levels left.
You didn't know any spells.
Your spell library was empty.

Dungeon Overview and Level Annotations

Branches:
Dungeon (4/15)
 Temple: D:4-7

Altars:
Makhleb


Innate Abilities, Weirdness & Mutations

((You are very nimble when in or above water. (Stealth+, EV+, Speed+++)))
Your lower body shifts to a powerful aquatic tail in water.


Message History

The adder is severely wounded.
a - a +2 dagger (weapon)
The adder closely misses you.
You miss the adder.
The adder is severely wounded.
The adder bites you but does no damage.
You hit the adder.
The adder is almost dead.
The adder misses you.
You hit the adder.
You kill the adder!
An iguana comes into view.
The iguana hisses angrily.
You hit the iguana but do no damage. The iguana bites you!
You hit the iguana.
The iguana is lightly wounded.
The iguana barely misses you.
You hit the iguana but do no damage.
The iguana is lightly wounded.
You hit the iguana.
The iguana is moderately wounded.
The iguana bites you.
You hit the iguana but do no damage.
The iguana is moderately wounded.
The iguana bites you.
You barely miss the iguana.
The iguana is moderately wounded.
The iguana bites you!
You are too injured to fight recklessly!
You are too injured to fight recklessly!
You closely miss the iguana.
The iguana is moderately wounded.
You hit the iguana.
The iguana is moderately wounded.
The iguana bites you!
* * * LOW HITPOINT WARNING * * *
You hit the iguana.
The iguana is heavily wounded.
The iguana bites you!
You die...

#.......#
####.#########
#.##.....?.
#....#####
###......#
#...##.# #...#
#...# #@..#
#l..# ....#
##.....
..#.#..
#...#### #####


You could see an iguana.

Vanquished Creatures
  2 orc wizards (D:3)
  5 adders
  3 worms
  2 dart slugs
  8 orcs
  2 endoplasms
  6 giant cockroaches
  5 goblins
  6 hobgoblins
  4 quokkas
  4 ball pythons
  6 bats
  7 frilled lizards
  5 kobolds
  6 rats
71 creatures vanquished.

Notes
Turn   | Place    | Note
-------+----------+-------------------------------------------
     0 | D:1      | porpoise the Merfolk Brigand began the quest for the Orb.
     0 | D:1      | Reached XP level 1. HP: 16/16 MP: 1/1
   146 | D:1      | Reached XP level 2. HP: 23/23 MP: 2/2
   234 | D:1      | Found a faded altar of an unknown god.
   749 | D:2      | Reached XP level 3. HP: 28/28 MP: 3/3
  1462 | D:3      | Reached XP level 4. HP: 34/34 MP: 4/4
  1559 | D:3      | Reached skill level 5 in Stealth
  1906 | D:3      | Found a burning altar of Makhleb.
  1958 | D:3      | Reached XP level 5. HP: 26/41 MP: 5/5
  2381 | D:3      | Reached skill level 5 in Short Blades
  2741 | D:4      | Slain by an iguana

Illustrated notes

Levels and vault maps discovered:
D:1:      dpeg_arrival_rooms_c, layout_loops_ring, ebering_ecumenical_altar_box
D:2:      layout_loops_cross
D:3:      layout_loops_ring, amcnicky_altar_gilded, minmay_between
D:4:      layout_loops_ring, mainiacjoe_overflow_alcove_4

Skill      XL: |  1  2  3  4  5 |
---------------+----------------+-----
Short Blades   | 3 4 5 |  5.1
Fighting       | 3 |  3.5
Stealth        | 5 |  5.4
Throwing       | |  2.0
Dodging        | |  1.3

Action                     |  1- 3 |  4- 6 || total
---------------------------+-------+-------++-------
  Melee: Dagger            |    51 |    93 ||   144
         Punch             |     1 |       ||     1
   Fire: Sling             |    34 |    43 ||    77
  Throw: Dart              |    28 |       ||    28
   Stab: Sleeping          |     8 |     4 ||    12
 Armour: Robe              |    11 |    24 ||    35
  Dodge: Dodged            |    25 |    56 ||    81
